 Dungeon Crawl Stone Soup version 0.29-a0-284-gf9362112df (webtiles) character file.

Game seed: 9380617431988004450

72 enile the Magician (level 4, -6/34 HPs)
             Began as a Djinni Fire Elementalist on Mar 24, 2022.
             Was a Follower of Makhleb.
             Mangled by a gnoll
             ... wielding a +0 halberd
              (13 damage)
             ... on level 3 of the Dungeon.
             The game lasted 00:01:30 (2736 turns).

enile the Magician (Djinni Fire Elementalist)       Turns: 2736, Time: 00:01:31

Health: -6/34      AC:  2    Str:  7    XL:     4   Next: 50%
Gold:   54         EV: 12    Int: 18    God:    Makhleb [*.....] SH:  0 Dex: 14

rFire   + + .      SeeInvis .   j - staff of cold
rCold   . . .      Faith    .   (no shield)
rNeg    . . .      Spirit   .   a - +0 robe
rPois   ∞          Reflect  .   (no helmet)
rElec   .          Harm     .   (no cloak)
rCorr   .          Rampage  .   (no gloves)
Will    .....                   (boots unavailable)
Stlth   ++........              (no amulet)
HPRegen 0.11/turn               (no ring)
MPRegen 0.00/turn               (no ring)

@: flying, very slightly contaminated
A: sickness immunity, fire resistance 2, cold vulnerability 1, float, innate
caster, HP casting, extra vitality 1
a: Renounce Religion


You were on level 3 of the Dungeon.
You worshipped Makhleb.
Makhleb was aware of your devotion.
You visited 1 branch of the dungeon, and saw 3 of its levels.

You collected 54 gold pieces.

Inventory:

Missiles
 i - 2 throwing nets
Armour
 a - a +0 robe (worn)
Magical Staves
 j - a staff of cold (weapon)
Scrolls
 b - 4 scrolls of immolation {unknown}
 c - 2 scrolls of blinking {unknown}
 d - a scroll of identify {unknown}
 g - a scroll of magic mapping {unknown}
 h - a scroll of teleportation {unknown}
 k - a scroll of holy word {unknown}
Potions
 e - a potion of mutation {unknown}
 f - 2 potions of degeneration {unknown}


   Skills:
 - Level 2.5 Fighting
 - Level 2.2 Dodging
 - Level 1.6 Stealth
 + Level 3.1 Spellcasting


You couldn't memorise any spells.
You knew the following spells:

 Your Spells              Type           Power      Damage    Failure   Level
a - Foxfire               Conj/Fire      56%        2x1d6     4%          1
b - Scorch                Fire           28%        2d6       7%          2
c - Conjure Flame         Conj/Fire      14%        6-21      13%         3
d - Inner Flame           Hex/Fire       14%        N/A       13%         3
e - Flame Wave            Conj/Fire      14%        2d6       41%         4
f - Animate Skeleton      Necr           28%        N/A       4%          1
Your spell library was empty.

Dungeon Overview and Level Annotations

Branches:
Dungeon (3/15)

Altars:
Makhleb

Shops:
D:1 ?


Innate Abilities, Weirdness & Mutations

You are immune to sickness and miasma.
You are immune to poison.
Your flesh is very heat resistant. (rF++)
You are vulnerable to cold. (rC-)
You float through the air rather than walking.
You learn spells naturally, not from books.
Your magical power is your life essence.
You have superior vitality. (+4 MHP)


Message History

You conjure some foxfire!
The foxfire hits the adder.
The adder is lightly wounded.
The foxfire hits the adder.
The adder is moderately wounded.
The foxfire hits the adder.
The adder is heavily wounded.
There are monsters nearby!
Casting: Foxfire (safe; 4% risk of failure)
Confirm with . or Enter, or press ? or * to list all spells.
Aiming: Inner Flame (quite dangerous; 13% risk of failure)
Press: ? - help, Dir - move target, f - adder
Aim: an adder (heavily wounded, chance to affect: 75%)
The adder is filled with an inner flame.
Casting: Inner Flame (quite dangerous; 13% risk of failure)
Confirm with . or Enter, or press ? or * to list all spells.
You miscast Scorch.
You are very lightly contaminated with residual magic.
Nothing appears to happen.
Casting: Scorch (safe; 7% risk of failure)
Confirm with . or Enter, or press ? or * to list all spells.
Flames lash the gnoll.
The gnoll is moderately wounded.
The gnoll's fire resistance burns away.
The gnoll closely misses you.
A rat comes into view.
The adder misses you. The adder bites you. The gnoll completely misses you.
Casting: Scorch (safe; 7% risk of failure)
Confirm with . or Enter, or press ? or * to list all spells.
You conjure some foxfire!
The adder bites you.
The gnoll hits you from afar with a +0 halberd!
* * * LOW HITPOINT WARNING * * *
A dart slug comes into view.
The gnoll is no longer more vulnerable to fire.
The foxfire hits the adder but does no damage.
The adder is heavily wounded.
An adder comes into view.
The adder bites you.
* * * LOW HITPOINT WARNING * * *
The gnoll hits you from afar with a +0 halberd!
You die...

#### ...# ...w..S ...# .......
...# .....(. #.#. ...# ..)r...
###... )..### .......##....
.....#### lg......#.#.#
...#....#########S#..........##
...####........v@.g...........
.#..#############.####......##
.#.........# ............>####
.#.........# .......#....#....#
.#.........#.............#......#
##.........#.............###.#...
#.......................# #.....
#.........#.............# ####..
#.........#.............# #..


You could see 2 gnolls, 2 adders, a dart slug, a frilled lizard and a rat.

Vanquished Creatures
  A gnoll (D:3)
  2 adders (D:3)
  3 dart slugs
  3 orcs (D:3)
  4 endoplasms
  3 giant cockroaches
  3 goblins
  3 hobgoblins
  5 ball pythons
  A bat (D:1)
  5 kobolds (D:1)
  A rat (D:3)
34 creatures vanquished.

Vanquished Creatures (others)
  165 foxfires
165 creatures vanquished.

Grand Total: 199 creatures vanquished

Notes
Turn   | Place    | Note
-------+----------+-------------------------------------------
     0 | D:1      | enile the Djinni Fire Elementalist began the quest for the
                  | Orb.
     0 | D:1      | Reached XP level 1. HP: 15/15 MP: 0/0
   154 | D:1      | Reached skill level 1 in Fighting
   321 | D:1      | Reached XP level 2. HP: 17/22 MP: 0/0
  1071 | D:1      | Reached XP level 3. HP: 24/28 MP: 0/0
  1071 | D:1      | Learned a level 1 spell: Animate Skeleton
  1179 | D:1      | Found a faded altar of an unknown god.
  1195 | D:1      | Found Hiucrixa's Magic Scroll Emporium.
  1220 | D:1      | Prayed at the altar of an unknown god.
  1220 | D:1      | Became a worshipper of Makhleb the Destroyer
  1220 | D:1      | Reached * piety under Makhleb
  2471 | D:3      | Reached XP level 4. HP: 32/34 MP: 0/0
  2546 | D:3      | Reached skill level 3 in Spellcasting
  2736 | D:3      | Mangled by a gnoll

Illustrated notes

Levels and vault maps discovered:
D:1:      heliophobic_arrival_henge, layout_basic, serial_shops, shop,
          chequers_ecumenical_altar_simple_redux
D:2:      layout_basic
D:3:      layout_rooms, st_stairs_9

Skill      XL: |  1  2  3  4 |
---------------+-------------+-----
Fighting       | 1 2 |  2.5
Spellcasting   | 3 |  3.1
Dodging        | |  2.2
Stealth        | |  1.6

Action                   |  1- 3 |  4- 6 || total
-------------------------+-------+-------++-------
 Cast: Foxfire           |    86 |    20 ||   106
       Scorch            |     7 |     1 ||     8
       Inner Flame       |       |     1 ||     1
Armor: Robe              |       |     2 ||     2
Dodge: Dodged            |     3 |     3 ||     6

Table legend: (Time is in decaauts)
 A = Elapsed time spent in this place.
 B = Non-inter-level travel time spent in this place.
 C = Inter-level travel time spent in this place.
 D = Time resting spent in this place.
 E = Time spent auto-exploring this place.
 F = Levels seen in this place.
 G = Mean time per level.
                   A        B        C        D        E       F      G
               +--------+--------+--------+--------+--------+-----+--------+
         Total |   2735 |   2706 |     29 |      0 |   2377 |   3 |  911.7 |
       Dungeon |   2735 |   2706 |     29 |      0 |   2377 |   3 |  911.7 |
               +--------+--------+--------+--------+--------+-----+--------+

Top non-repeatable levels by time:
     D:1: 1920 daAuts
     D:3: 681 daAuts
     D:2: 133 daAuts
